 Dungeon Crawl Stone Soup version 0.27.1 (webtiles) character file.

Game seed: 10312996276059158074

5 TinyDot the Chiller (level 1, -2/13 HPs)
             Began as a Merfolk Ice Elementalist on Aug 23, 2021.
             Slain by a jackal (3 damage)
             ... on level 1 of the Dungeon.
             The game lasted 00:01:29 (108 turns).

TinyDot the Chiller (Merfolk Ice Elementalist)       Turns: 108, Time: 00:01:29

Health: -2/13      AC:  2    Str:  8    XL:     1   Next: 80%
Magic:  0/3        EV: 12    Int: 14    God:
Gold:   0          SH:  0    Dex: 14    Spells: 3/4 levels left

rFire    . . .     SeeInvis .   (no weapon)
rCold    . . .     Faith    .   (no shield)
rNeg     . . .     Spirit   .   a - +0 robe
rPois    .         Reflect  .   (no helmet)
rElec    .         Harm     .   (no cloak)
rCorr    .         Rampage  .   (no gloves)
Will     .....                  (no boots)
Stlth    ++........             (no amulet)
HPRegen  0.04/turn              (no ring)
MPRegen  0.08/turn              (no ring)

@: no status effects
A: (nimble swimmer 2), mertail
a: no special abilities


You were on level 1 of the Dungeon.
You visited 1 branch of the dungeon, and saw 1 of its levels.

Inventory:

Armour
 a - a +0 robe (worn)


   Skills:
 + Level 2.7 Dodging
 + Level 2.2 Stealth
 + Level 2.0 Spellcasting
 + Level 4.7 Ice Magic


You had 3 spell levels left.
You knew the following spells:

 Your Spells              Type           Power      Damage    Failure   Level
a - Freeze                Ice            56%        1d7       3%          1

Your spell library contained the following spells:

 Spells                   Type           Power      Damage    Failure   Level
 Frozen Ramparts          Ice            28%        1d4       11%         3
 Ozocubu's Armour         Ice            14%        N/A       11%         3
 Hailstorm                Conj/Ice       8%         3d4       65%         4


Dungeon Overview and Level Annotations

Branches:
Dungeon (1/15)

Altars:


Innate Abilities, Weirdness & Mutations

((You are quick and stealthy near water. (Stealth+, EV+, Speed+++)))
Your lower body shifts to a powerful aquatic tail in water.


Message History

Aim: a jackal (almost dead)
You freeze the jackal.
You kill the jackal!
The jackal closely misses you.
Casting: Freeze (safe; 3% risk of failure)
Confirm with . or Enter, or press ? or * to list all spells.
You don't have enough magic to cast this spell.
Unknown command.
The jackal closely misses you.
The jackal bites you but does no damage.
Welcome back, TinyDot the Merfolk Ice Elementalist.
Press ? for a list of commands and other information.
Okay, then.
You hit the jackal but do no damage. The jackal bites you.
You hit the jackal but do no damage. The jackal bites you.
You hit the jackal but do no damage. The jackal bites you.
The jackal barely misses you.
You miss the jackal.
The jackal bites you but does no damage.
You hit the jackal but do no damage. The jackal completely misses you.
The jackal bites you.
You hit the jackal.
The jackal is lightly wounded.
The jackal completely misses you.
Casting: Freeze (safe; 3% risk of failure)
Confirm with . or Enter, or press ? or * to list all spells.
Aiming: Freeze (safe; 3% risk of failure)
Press: ? - help, Shift-Dir - straight line, f - jackal
Aim: a jackal (lightly wounded)
You freeze the jackal.
You kill the jackal!
You hit the jackal but do no damage. The jackal closely misses you.
You closely miss the jackal. The jackal bites you.
The jackal bites you but does no damage.
You barely miss the jackal. The jackal closely misses you.
You hit the jackal but do no damage. The jackal bites you. x2
* * * LOW HITPOINT WARNING * * *
The jackal closely misses you. The jackal bites you.
You die...

... #.# #######
... #.....#
#.#####..
#.....#####
#........
#.........#
#..####r.
#.....###.#
#.K...h..
#.......#.#
#r####...
#......##@# #†#
.
#......##h###.#
#.#....##.r†K.#
#.#....########
.. #.#.........
... #.....######
##.. #.##..# ...
#.....# ..#
#.##.########..#


You could see a jackal and a rat.

Vanquished Creatures
  A dart slug (D:1)
  2 jackals (D:1)
3 creatures vanquished.

Notes
Turn   | Place    | Note
-------+----------+-------------------------------------------
     0 | D:1      | TinyDot the Merfolk Ice Elementalist began the quest for
                  | the Orb.
     0 | D:1      | Reached XP level 1. HP: 13/13 MP: 3/3
   108 | D:1      | Slain by a jackal

Illustrated notes

Levels and vault maps discovered:
D:1:      dpeg_arrival_shrine, layout_basic

Action                   || total
-------------------------++-------
Melee: Unarmed           ||    10
 Cast: Freeze            ||     6
Armor: Robe              ||     3
Dodge: Dodged            ||    12
